MWL (24 & UNDER)
MANHATTEN MEATHEADS @ PLUMSTEAD EAGLES
07/09/2027
 
TOP OF THE 1ST
Manhatten Meatheads batting - Pitching for Plumstead Eagles : LHP Joe Cates
Pitching: LHP Joe Cates
Batting: SHB Cornell Payne 0-0: Swinging Strike
0-1: Foul Ball, location: 2F
0-2: Foul Ball, location: 2F
0-2: Ball
1-2: Foul Ball, location: 2F
1-2: Strikes out looking
Batting: RHB Adrián López 0-0: Ball
1-0: Called Strike
1-1: Called Strike
1-2: Foul Ball, location: 2F
1-2: Ball
2-2: Strikes out swinging
Batting: RHB Denver Baker 0-0: Called Strike
0-1: Fly out, F9 (Line Drive, 89M)
Top of the 1st over - 0 run(s), 0 hit(s), 0 error(s), 0 left on base; Manhatten 0 - Plumstead 0
BOTTOM OF THE 1ST
Plumstead Eagles batting - Pitching for Manhatten Meatheads : RHP Tom Cunningham
Pitching: RHP Tom Cunningham
Batting: RHB Carlos Palomón 0-0: Ball
1-0: Called Strike
1-1: Fly out, F7 (Flyball, 78S)
Batting: RHB Jeff Townsley 0-0: Ball
1-0: Called Strike
1-1: Ball
2-1: Bunt for hit - play at first, batter safe!
Batting: RHB Juan Caceres 0-0: Called Strike
Jeff Townsley steals 2nd base
0-1: Ball
1-1: Ground out 4-3 (Groundball, 4)
Jeff Townsley to third
Batting: LHB Dennis McConnell 0-0: Called Strike
0-1: Foul Ball, location: 2F
0-2: Ball
1-2: Foul Ball, location: 2F
1-2: Strikes out swinging
Bottom of the 1st over - 0 run(s), 1 hit(s), 0 error(s), 1 left on base; Manhatten 0 - Plumstead 0
TOP OF THE 2ND
Manhatten Meatheads batting - Pitching for Plumstead Eagles : LHP Joe Cates
Batting: LHB Robbie Turner 0-0: Called Strike
0-1: Ball
1-1: Foul Ball, location: 2F
1-2: SINGLE (Groundball, 4S) (infield hit)
Batting: RHB Craig Chapman 0-0: Called Strike
0-1: Foul Ball, location: 2F
0-2: Foul Ball, location: 2F
0-2: Foul Ball, location: 2F
0-2: Ball
1-2: Ball
2-2: Strikes out swinging
Batting: RHB Ramiro Santana 0-0: Called Strike
0-1: Ball
1-1: Foul Ball, location: 2F
1-2: Fielders Choice at 2nd, 4-6 (Groundball, 4)
Now at SS: Allen Hobbs
Batting: LHB Miguel Pérez 0-0: DOUBLE (Flyball, 8RD)
Ramiro Santana to third
Batting: RHB José Esparza 0-0: Ball
1-0: Foul Ball, location: 2F
1-1: Swinging Strike
1-2: Strikes out swinging
Top of the 2nd over - 0 run(s), 2 hit(s), 0 error(s), 2 left on base; Manhatten 0 - Plumstead 0
BOTTOM OF THE 2ND
Plumstead Eagles batting - Pitching for Manhatten Meatheads : RHP Tom Cunningham
Batting: RHB Kolomon Meise 0-0: Ball
1-0: Called Strike
1-1: Foul Ball, location: 2F
1-2: Ball
2-2: SINGLE (Groundball, 6MD)
Batting: RHB José Moreno 0-0: Ball
1-0: Foul Ball, location: 2F
1-1: Ball
2-1: Ball
3-1: Base on Balls
Kolomon Meise to second
Batting: RHB Pablo Villarreal 0-0: Ball
1-0: Ball
2-0: SINGLE (Flyball, 3D)
Kolomon Meise to third
José Moreno to second
Batting: LHB Arturo Álvarez 0-0: Foul Ball, location: 2F
0-1: Ball
1-1: Ball
2-1: Ball
3-1: Grounds into fielders choice 2-2 (Groundball, 2R)
José Moreno to third
Pablo Villarreal to second
Batting: RHB Howard Johnson 0-0: Called Strike
0-1: SINGLE (Groundball, 6) (infield hit)
José Moreno scores
Pablo Villarreal to third
Arturo Álvarez to second
Batting: RHB Allen Hobbs 0-0: Fly out, F4 (Popup, 34D)
Batting: RHB Jeff Townsley 0-0: Ball
1-0: Swinging Strike
1-1: Foul Ball, location: 2F
1-2: Foul Ball, location: 2F
1-2: Strikes out looking
Bottom of the 2nd over - 1 run(s), 3 hit(s), 0 error(s), 3 left on base; Manhatten 0 - Plumstead 1
TOP OF THE 3RD
Manhatten Meatheads batting - Pitching for Plumstead Eagles : LHP Joe Cates
Batting: RHB Lúcio Sánchez 0-0: Swinging Strike
0-1: Ground out 6-3 (Groundball, 6)
Batting: SHB Cornell Payne 0-0: Called Strike
0-1: Foul Ball, location: 2F
0-2: Strikes out looking
Batting: RHB Adrián López 0-0: Called Strike
0-1: Ball
1-1: Ball
2-1: Fly out, F8 (Flyball, 89M)
Top of the 3rd over - 0 run(s), 0 hit(s), 0 error(s), 0 left on base; Manhatten 0 - Plumstead 1
BOTTOM OF THE 3RD
Plumstead Eagles batting - Pitching for Manhatten Meatheads : RHP Tom Cunningham
Batting: RHB Juan Caceres 0-0: Called Strike
0-1: Called Strike
0-2: Ball
1-2: Ball
2-2: Foul Ball, location: 2F
2-2: Ball
3-2: Foul Ball, location: 2F
3-2: Strikes out swinging
Batting: LHB Dennis McConnell 0-0: Ball
1-0: Called Strike
1-1: Foul Ball, location: 2F
1-2: Foul Ball, location: 2F
1-2: Foul Ball, location: 2F
1-2: Ground out 4-3 (Groundball, 4)
Batting: RHB Kolomon Meise 0-0: Reached on error, E9 (Flyball, 89M)
Batting: RHB José Moreno 0-0: Fly out, F7 (Line Drive, 7)
Bottom of the 3rd over - 0 run(s), 0 hit(s), 1 error(s), 1 left on base; Manhatten 0 - Plumstead 1
TOP OF THE 4TH
Manhatten Meatheads batting - Pitching for Plumstead Eagles : LHP Joe Cates
Batting: RHB Denver Baker 0-0: Called Strike
0-1: Swinging Strike
0-2: Ball
1-2: Strikes out looking
Batting: LHB Robbie Turner 0-0: Foul Ball, location: 2F
0-1: Ball
1-1: Swinging Strike
1-2: Ball
2-2: Foul Ball, location: 2F
2-2: Foul Ball, location: 2F
2-2: TRIPLE (Line Drive, 8RD)
Batting: RHB Craig Chapman 0-0: Called Strike
0-1: Foul Ball, location: 2F
0-2: Strikes out swinging
Batting: RHB Ramiro Santana 0-0: Ground out U3 (Groundball, 34)
Top of the 4th over - 0 run(s), 1 hit(s), 0 error(s), 1 left on base; Manhatten 0 - Plumstead 1
BOTTOM OF THE 4TH
Plumstead Eagles batting - Pitching for Manhatten Meatheads : RHP Tom Cunningham
Batting: RHB Pablo Villarreal 0-0: Foul Ball, location: 2F
0-1: Ball
1-1: Foul Ball, location: 2F
1-2: SINGLE (Flyball, 9LS)
Batting: LHB Arturo Álvarez 0-0: Foul Ball, location: 2F
0-1: Foul Ball, location: 2F
0-2: Ball
1-2: Foul Ball, location: 2F
1-2: Ball
2-2: Ball
3-2: Fielders Choice at 2nd, 6-4 (Groundball, 6)
Batting: RHB Howard Johnson 0-0: Called Strike
Arturo Álvarez steals 2nd base
0-1: Foul Ball, location: 2F
0-2: Ball
1-2: Ball
2-2: SINGLE (Line Drive, 4MD)
Arturo Álvarez to third
Batting: RHB Allen Hobbs 0-0: Ball
1-0: Foul Ball, location: 2F
1-1: Swinging Strike
1-2: Strikes out looking
Batting: RHB Jeff Townsley 0-0: Ground out U3 (Groundball, 34S)
Bottom of the 4th over - 0 run(s), 2 hit(s), 0 error(s), 2 left on base; Manhatten 0 - Plumstead 1
TOP OF THE 5TH
Manhatten Meatheads batting - Pitching for Plumstead Eagles : LHP Joe Cates
Batting: LHB Miguel Pérez 0-0: Foul Ball, location: 2F
0-1: Hit by Pitch
Batting: RHB José Esparza 0-0: Ball
1-0: Foul Ball, location: 2F
1-1: Called Strike
1-2: Foul Ball, location: 2F
1-2: SINGLE (Line Drive, 4MD)
Miguel Pérez to second
Batting: RHB Lúcio Sánchez 0-0: SINGLE (Flyball, 4MD)
Miguel Pérez to third
José Esparza to second
Batting: SHB Cornell Payne 0-0: Called Strike
0-1: Called Strike
0-2: Strikes out swinging
Batting: RHB Adrián López 0-0: Called Strike
0-1: GRAND SLAM HOME RUN (Line Drive, 7LD), Distance : 363 ft
Batting: RHB Denver Baker 0-0: Ball
1-0: Ground out 6-3 (Groundball, 6)
Batting: LHB Robbie Turner 0-0: Foul Ball, location: 2F
0-1: Called Strike
0-2: Strikes out swinging
Top of the 5th over - 4 run(s), 3 hit(s), 0 error(s), 0 left on base; Manhatten 4 - Plumstead 1
BOTTOM OF THE 5TH
Plumstead Eagles batting - Pitching for Manhatten Meatheads : RHP Tom Cunningham
Batting: RHB Juan Caceres 0-0: Called Strike
0-1: SINGLE (Groundball, 34D)
Batting: LHB Dennis McConnell 0-0: Swinging Strike
0-1: Fly out, F7 (Flyball, 7S)
Batting: RHB Kolomon Meise 0-0: Ball
1-0: Ball
2-0: Ball
3-0: Base on Balls
Juan Caceres to second
Pitching: RHP Jesús Medina
Batting: RHB José Moreno 0-0: Ball
1-0: Ball
2-0: Called Strike
2-1: Ball
3-1: Foul Ball, location: 2F
3-2: Foul Ball, location: 2F
3-2: Base on Balls
Juan Caceres to third
Kolomon Meise to second
Batting: RHB Pablo Villarreal 0-0: Ball
1-0: Foul Ball, location: 2F
1-1: Foul Ball, location: 2F
1-2: Ball
2-2: Strikes out looking
Batting: LHB Arturo Álvarez 0-0: Ball
1-0: Foul Ball, location: 2F
1-1: Called Strike
1-2: Ball
2-2: Foul Ball, location: 2F
2-2: Ball
3-2: Strikes out looking
Bottom of the 5th over - 0 run(s), 1 hit(s), 0 error(s), 3 left on base; Manhatten 4 - Plumstead 1
TOP OF THE 6TH
Manhatten Meatheads batting - Pitching for Plumstead Eagles : LHP Joe Cates
Batting: RHB Craig Chapman 0-0: Ball
1-0: Called Strike
1-1: Ball
2-1: Ball
3-1: Base on Balls
Batting: RHB Ramiro Santana 0-0: Ball
1-0: Ball
2-0: Foul Ball, location: 2F
2-1: Fielders Choice at 2nd, 1-4 (Groundball, 15S)
Pitching: RHP Manny Ramos
Batting: LHB Miguel Pérez 0-0: Ball
1-0: Ball
2-0: Foul Ball, location: 2F
2-1: Ball
3-1: Swinging Strike
3-2: Base on Balls
Ramiro Santana to second
Batting: RHB José Esparza 0-0: Ball
1-0: Foul Ball, location: 2F
1-1: Called Strike
1-2: Strikes out swinging
Batting: RHB Lúcio Sánchez 0-0: Called Strike
0-1: Ball
1-1: Foul Ball, location: 2F
1-2: Strikes out swinging
Top of the 6th over - 0 run(s), 0 hit(s), 0 error(s), 2 left on base; Manhatten 4 - Plumstead 1
BOTTOM OF THE 6TH
Plumstead Eagles batting - Pitching for Manhatten Meatheads : RHP Jesús Medina
Batting: RHB Howard Johnson 0-0: Ball
1-0: Foul Ball, location: 2F
1-1: Foul Ball, location: 2F
1-2: Ball
2-2: SINGLE (Popup, 56D)
Batting: RHB Allen Hobbs 0-0: Ball
1-0: Called Strike
1-1: Foul Ball, location: 2F
1-2: Foul Ball, location: 2F
1-2: Hit by Pitch
Howard Johnson to second
Batting: RHB Jeff Townsley 0-0: Ball
1-0: Fielders Choice at 2nd, U4 (Groundball, 6M)
Howard Johnson to third
Batting: RHB Juan Caceres 0-0: SINGLE (Line Drive, 6)
Howard Johnson scores
Jeff Townsley to second
Batting: LHB Dennis McConnell 0-0: Called Strike
0-1: Ball
1-1: Ball
2-1: Ball
3-1: Base on Balls
Jeff Townsley to third
Juan Caceres to second
Batting: RHB Kolomon Meise 0-0: Fly out, F7 (Line Drive, 7)
Runner from 3rd tags up, SCORES, no throw
Batting: RHB José Moreno 0-0: Called Strike
0-1: Swinging Strike
0-2: Foul Ball, location: 2F
0-2: Strikes out swinging
Bottom of the 6th over - 2 run(s), 2 hit(s), 0 error(s), 2 left on base; Manhatten 4 - Plumstead 3
TOP OF THE 7TH
Manhatten Meatheads batting - Pitching for Plumstead Eagles : RHP Manny Ramos
Batting: SHB Cornell Payne 0-0: Fly out, F7 (Flyball, 7LS)
Batting: RHB Adrián López 0-0: Called Strike
0-1: Swinging Strike
0-2: Strikes out swinging
Batting: RHB Denver Baker 0-0: Called Strike
0-1: Ball
1-1: Foul Ball, location: 2F
1-2: Ball
2-2: Ball
3-2: Foul Ball, location: 2F
3-2: SOLO HOME RUN (Flyball, 7LD), Distance : 358 ft
Batting: LHB Robbie Turner 0-0: Ball
1-0: Called Strike
1-1: SOLO HOME RUN (Flyball, 9D), Distance : 381 ft
Batting: RHB Craig Chapman 0-0: Ball
1-0: Called Strike
1-1: Fly out, F9 (Flyball, 9LMF)
Top of the 7th over - 2 run(s), 2 hit(s), 0 error(s), 0 left on base; Manhatten 6 - Plumstead 3
BOTTOM OF THE 7TH
Plumstead Eagles batting - Pitching for Manhatten Meatheads : RHP Jesús Medina
Batting: RHB Pablo Villarreal 0-0: Ball
1-0: Foul Ball, location: 2F
1-1: SINGLE (Line Drive, 7S)
Batting: LHB Arturo Álvarez 0-0: Ball
1-0: Ground out 3-1 (Groundball, 34)
Pablo Villarreal to second
Batting: RHB Howard Johnson 0-0: Called Strike
0-1: Ball
1-1: Ball
2-1: Ground out 5-3 (Groundball, 56)
Batting: RHB Allen Hobbs 0-0: Called Strike
Pickoff Throw to Second - Error! E1
Pablo Villarreal to third
0-1: Fly out, F6 (Popup, 56D)
Bottom of the 7th over - 0 run(s), 1 hit(s), 1 error(s), 1 left on base; Manhatten 6 - Plumstead 3
TOP OF THE 8TH
Manhatten Meatheads batting - Pitching for Plumstead Eagles : RHP Manny Ramos
Pitching: RHP Paul Orr
Batting: RHB Ramiro Santana 0-0: Foul Ball, location: 2F
0-1: Ball
1-1: Called Strike
1-2: SINGLE (Groundball, 34D)
Batting: LHB Miguel Pérez 0-0: Ball
1-0: Grounds into double play, 6-4-3 (Groundball, 6)
Batting: RHB José Esparza 0-0: Called Strike
0-1: SINGLE (Groundball, 6D)
Batting: RHB Lúcio Sánchez 0-0: Called Strike
0-1: Called Strike
0-2: Strikes out swinging
Top of the 8th over - 0 run(s), 2 hit(s), 0 error(s), 1 left on base; Manhatten 6 - Plumstead 3
BOTTOM OF THE 8TH
Plumstead Eagles batting - Pitching for Manhatten Meatheads : RHP Jesús Medina
Batting: RHB Jeff Townsley 0-0: Called Strike
0-1: Foul Ball, location: 2F
0-2: SINGLE (Groundball, 6) (infield hit)
Pitching: RHP Jesús Cantú
Batting: RHB Juan Caceres 0-0: Called Strike
0-1: Called Strike
0-2: Ball
1-2: Ball
2-2: SINGLE (Flyball, 8LS)
Jeff Townsley to second
Pitching: LHP Anthony Robinson
Batting: LHB Dennis McConnell 0-0: Called Strike
0-1: Foul Ball, location: 2F
0-2: Fly out, F6 (Popup, 6)
Pitching: LHP Pedro Cruz
Batting: RHB Kolomon Meise 0-0: Called Strike
0-1: Foul Ball, location: 2F
0-2: Strikes out looking
Pitching: RHP Juan García
Batting: RHB José Moreno 0-0: Ball
1-0: Ball
2-0: Swinging Strike
2-1: Called Strike
2-2: Fly out, F4 (Popup, 4MS)
Bottom of the 8th over - 0 run(s), 2 hit(s), 0 error(s), 2 left on base; Manhatten 6 - Plumstead 3
TOP OF THE 9TH
Manhatten Meatheads batting - Pitching for Plumstead Eagles : RHP Paul Orr
Batting: SHB Cornell Payne 0-0: Called Strike
0-1: Hit by Pitch
Batting: RHB Adrián López 0-0: Ball
1-0: Bunted foul
1-1: Sac Bunt - play at first, batter OUT! 1-4
Cornell Payne to second
Batting: RHB Denver Baker 0-0: Intentional Walk
Batting: LHB Robbie Turner 0-0: Ball
1-0: Called Strike
1-1: Ground out U3 (Groundball, 34S)
Cornell Payne to third
Denver Baker to second
Batting: RHB Craig Chapman 0-0: Ball
1-0: Ball
2-0: SINGLE (Groundball, 34D)
Cornell Payne scores
Denver Baker to third
Runner from 3rd tries for Home, SAFE, no throw
Pitching: LHP Pedro Rosado
Batting: RHB Ramiro Santana 0-0: Called Strike
0-1: Ball
1-1: Ball
2-1: Swinging Strike
2-2: Foul Ball, location: 2F
2-2: Strikes out looking
Top of the 9th over - 2 run(s), 1 hit(s), 0 error(s), 1 left on base; Manhatten 8 - Plumstead 3
BOTTOM OF THE 9TH
Plumstead Eagles batting - Pitching for Manhatten Meatheads : RHP Juan García
Pitching: RHP Víctor Vińa
Now at C: Hidalgo García
Batting: RHB Pablo Villarreal 0-0: Ball
1-0: SINGLE (Flyball, 8LS)
Batting: LHB Arturo Álvarez 0-0: Fielders Choice at 2nd, 4-6 (Groundball, 4)
Batting: RHB Howard Johnson 0-0: Ball
1-0: Foul Ball, location: 2F
1-1: Fielders Choice at 2nd, 4-6 (Groundball, 4)
Batting: RHB Allen Hobbs 0-0: Ball
1-0: Foul Ball, location: 2F
1-1: Ball
2-1: Ball
3-1: Foul Ball, location: 2F
3-2: Reached on error, E5 (Groundball, 56S)
Howard Johnson to third
Batting: RHB Jeff Townsley 0-0: Ball
1-0: Called Strike
1-1: Fly out, F8 (Line Drive, 8RM)
Bottom of the 9th over - 0 run(s), 1 hit(s), 1 error(s), 2 left on base; Manhatten 8 - Plumstead 3
Thursday, March 30th, 2017 - OOTP Baseball 17.12 Build 75